 Dungeon Crawl Stone Soup version 0.31-a0-865-g3d5d91748a (webtiles) character file.

Game seed: 3244884002973699435

439 Darius099 the Cleaver (level 6, 0/51 HPs)
             Began as a Minotaur Fighter on Oct 11, 2023.
             Slain by Grinder (3 damage)
             ... while paralysed by Grinder
             ... on level 4 of the Dungeon.
             The game lasted 00:08:40 (2629 turns).

Darius099 the Cleaver (Minotaur Fighter)            Turns: 2629, Time: 00:08:41

Health: 0/51       AC: 10    Str: 23    XL:     6   Next: 70%
Magic:  5/5        EV:  2    Int:  5    God:
Gold:   165        SH:  0    Dex:  9    Spells: 5/5 levels left

rFire   . . .        a - +0 war axe
rCold   . . .        c - +0 buckler
rNeg    . . .        s - +0 chain mail
rPois   .            (helmet restricted)
rElec   .            k - +0 cloak
rCorr   .            (no gloves)
SInv    .            (no boots)
Will    .....        h - amulet of faith Stlth
                     (no ring)
HPRegen 0.28/turn    (no ring)
MPRegen 0.09/turn

%: faith
@: paralysed
A: horns 2, retaliatory headbutt
a: no special abilities


You were on level 4 of the Dungeon.
You visited 1 branch of the dungeon, and saw 4 of its levels.
You also visited: Sewer.

You collected 165 gold pieces.

Inventory:

Hand Weapons
 a - a +0 war axe (weapon)
Missiles
 g - 5 silver javelins
Armour
 c - a +0 buckler (worn)
 k - a +0 cloak (worn)
 s - a +0 chain mail (worn)
Jewellery
 h - an amulet of faith (around neck)
Scrolls
 f - 4 scrolls of identify {unknown}
 l - 3 scrolls of noise {unknown}
 m - a scroll of amnesia {unknown}
 o - a scroll of teleportation {unknown}
 q - a scroll of brand weapon {unknown}
 t - a scroll of enchant armour {unknown}
 u - a scroll of butterflies {unknown}
 w - a scroll of enchant weapon {unknown}
Potions
 b - a potion of heal wounds {unknown}
 d - a potion of might
 e - a potion of curing {unknown}
 i - 2 potions of brilliance {unknown}
 j - a potion of enlightenment {unknown}
 n - 4 potions of haste {unknown}
 p - a potion of magic {unknown}
 r - 2 potions of cancellation {unknown}
 v - a potion of mutation {unknown}


   Skills:
 - Level 3.6 Fighting
 + Level 8.8 Axes
 - Level 3.6 Armour
 - Level 3.6 Shields


You had 5 spell levels left.
You didn't know any spells.
Your spell library contained the following spells:

 Spells                   Type           Power      Damage    Failure   Level
 Freeze                   Ice            0%         1d3       98%         1
 Frozen Ramparts          Ice            0%         1d1       100%        3
 Hailstorm                Conj/Ice       0%         3d3       100%        3
 Volatile Blastmotes      Fire/Tloc      0%         2d10      100%        3
 Fulminant Prism          Conj/Hex       0%         3d5       100%        4
 Iskenderun's Mystic Bla  Conj/Tloc      0%         2d3       100%        4


Dungeon Overview and Level Annotations

Branches:
Dungeon (4/15)              Sewer (visited)
 Temple: D:4-7

Altars:

Annotations:
D:4 Grinder


Innate Abilities, Weirdness & Mutations

You have a pair of horns on your head.
You reflexively headbutt those who attack you in melee.


Message History

You barely resist. You barely miss Grinder.
Grinder is moderately wounded.
Grinder gestures at you.
You barely resist. You hit Grinder. You headbutt Grinder!
Grinder is severely wounded.
Grinder hits you!
You barely miss Grinder. You headbutt Grinder, but do no damage.
Grinder is severely wounded.
Grinder gestures at you.
You suddenly lose the ability to move!
Grinder blinks!
Grinder gestures at you.
You barely resist.
You can move again.
Grinder zaps a wand.
The puff of flame hits you.
You open the door.
Grinder zaps a wand.
The puff of flame hits you but does no damage.
There is an open door here.
You start resting.
Grinder is nearby!
Grinder hits you but does no damage.
You hit Grinder. Your headbutt misses Grinder.
Grinder is almost dead.
Grinder hits you but does no damage.
You barely miss Grinder.
Grinder is almost dead.
Grinder gestures at you.
You suddenly lose the ability to move!
Grinder gestures at you. Pain shoots through your body!
* * * LOW HITPOINT WARNING * * *
Grinder hits you.
* * * LOW HITPOINT WARNING * * *
Grinder hits you.
* * * LOW HITPOINT WARNING * * *
You writhe in agony.
You die...
Grinder says, "Now the real fun starts!"

#..........................##
......†#'##....)##+#######.....#.
.......#..#.....#........#.....#.
.......#..#.....#........#.....#.
.......#..#.....#........#.....#.
.......#..#.....'....5..)#.....#.
.......#..#.....#........#.....#.
.......####....5#######..#.....##
##+##.@.....#..###.....
+.......#....#.....
#.......+....#.....
#.......#....#.....
#......>###'##.....
###................
#..÷.............
#................
#................


You could see Grinder.

Vanquished Creatures
  3 kobold brigands (Sewer)
  2 hounds (D:4)
  7 adders
  5 worms
  8 orcs
  12 ball pythons
  4 bats
  7 endoplasms
  4 giant cockroaches (D:3)
  3 goblins
  6 hobgoblins
  6 kobolds
  4 quokkas
  2 frilled lizards
  13 rats
86 creatures vanquished.

Notes
Turn   | Place    | Note
-------+----------+-------------------------------------------
     0 | D:1      | Darius099 the Minotaur Fighter began the quest for the Orb.
     0 | D:1      | Reached XP level 1. HP: 19/19 MP: 0/0
    54 | D:1      | Reached skill level 3 in Axes
   223 | D:1      | Reached XP level 2. HP: 26/26 MP: 1/1
   405 | D:1      | You fall into a shaft and drop 1 floor!
   605 | D:2      | Reached skill level 4 in Axes
   641 | D:2      | Reached XP level 3. HP: 31/31 MP: 2/2
   992 | D:3      | Reached skill level 5 in Axes
  1058 | D:3      | Reached XP level 4. HP: 36/39 MP: 3/3
  1455 | D:3      | Found a glowing drain.
  1468 | Sewer    | Entered a sewer
  1539 | Sewer    | Noticed a kobold brigand
  1557 | Sewer    | Killed a kobold brigand
  1558 | Sewer    | Reached skill level 6 in Axes
  1558 | Sewer    | Reached XP level 5. HP: 28/45 MP: 4/4
  1860 | Sewer    | Reached skill level 7 in Axes
  1927 | Sewer    | Reached XP level 6. HP: 39/51 MP: 5/5
  2137 | Sewer    | Reached skill level 8 in Axes
  2597 | D:4      | Noticed Grinder
  2609 | D:4      | Paralysed by Grinder for 4 turns
  2627 | D:4      | Paralysed by Grinder for 3 turns
  2629 | D:4      | Slain by Grinder

Illustrated notes

Levels and vault maps discovered:
D:1:      spicycebolla_arrival_ecumenical, layout_loops_cross, minmay_domino_4
D:2:      layout_basic, serial_bayou_lagoon_a
D:3:      layout_rooms, portal_sewer_entry_b, minivault_11, st_stairs_13
D:4:      layout_gridville, mainiacjoe_overflow_paths, kennysheep_mini,
          lemuel_doored_altar, serial_shops, shop, uniq_grinder

Skill      XL: |  1  2  3  4  5  6 |
---------------+-------------------+-----
Axes           | 3 4 5 6 7 8 |  8.8
Fighting       | |  3.6
Armour         | |  3.6
Shields        | |  3.6

Action                     |  1- 3 |  4- 6 || total
---------------------------+-------+-------++-------
  Melee: War axe           |    61 |   131 ||   192
         Headbutt          |     6 |    15 ||    21
 Armour: Scale mail        |    37 |     5 ||    42
         Chain mail        |       |    78 ||    78
  Dodge: Dodged            |    29 |    40 ||    69
  Block: Buckler           |    15 |    20 ||    35

Table legend: (Time is in decaauts)
 A = Elapsed time spent in this place.
 B = Non-inter-level travel time spent in this place.
 C = Inter-level travel time spent in this place.
 D = Time resting spent in this place.
 E = Time spent auto-exploring this place.
 F = Levels seen in this place.
 G = Mean time per level.
                   A        B        C        D        E       F      G
               +--------+--------+--------+--------+--------+-----+--------+
         Total |   2830 |   2830 |      0 |    178 |   1827 |   5 |  566.0 |
       Dungeon |   1865 |   1865 |      0 |      5 |   1263 |   4 |  466.2 |
         Sewer |    965 |    965 |      0 |    173 |    564 |   1 |  965.0 |
               +--------+--------+--------+--------+--------+-----+--------+

Top non-repeatable levels by time:
   Sewer: 965 daAuts
     D:2: 599 daAuts
     D:3: 544 daAuts
     D:1: 413 daAuts
     D:4: 307 daAuts
